AoeStats
← bkg45

Nomad

507612475Analyzed
4v4 RM · 13d ago on Sep 19, 2026· 57m 10s· 8 players
Game mode
Random Map
Map size
231×231
Population
200
Speed
Normal
Resources
Standard
Victory
Conquest
Starting age
Dark Age
Ending age
Imperial Age
RankedLock teamsTeams togetherTeam positionsShared explorationLock speedFull tech treeHidden civsTurbo modeCheats
Victory
Defeat
🇺🇸 Chinese · United States
1306
+13
🇺🇸 Italians · United States
1229
+16
🇨🇦 Huns · Canada
1225
+16
🇺🇸 Japanese · United States
1142
+21
🇨🇳 Vietnamese · China
1241
-17
🇺🇸 Chinese · United States
1241
-17
🇺🇸 Malians · United States
1238
-16
🇨🇴 Huns · Colombia
1219
-16
yugiohcards7039
3:09 Loom
13:17 Feudal Age
14:26 Double-Bit Axe
16:18 Fishing Lines
19:05 Castle Age
19:03 Fletching
20:39 Bodkin Arrow
26:58 Gillnets
30:43 Bow Saw
33:57 Imperial Age
33:36 Ballistics
34:15 Gold Mining
34:02 Capped Ram
35:58 Chemistry
35:00 Bracer
39:52 Conscription
41:35 Wheelbarrow
42:16 Padded Archer Armor
Alarich1000
3:25 Loom
14:23 Feudal Age
15:10 Double-Bit Axe
18:14 Castle Age
16:48 Fishing Lines
19:12 Bow Saw
20:22 Gillnets
20:50 Horse Collar
21:23 Town Watch
22:13 Wheelbarrow
24:14 Heavy Plow
26:19 Forging
26:14 Scale Barding Armor
28:11 Husbandry
28:21 Bloodlines
34:57 Gold Mining
34:57 Stone Mining
37:41 Imperial Age
35:30 Hand Cart
35:54 Iron Casting
36:28 Town Patrol
37:50 Chain Barding Armor
37:45 Bloodlines
38:37 Farimba
38:58 Conscription
39:40 Plate Barding Armor
39:02 Heavy Camel Rider
47:55 Gold Shaft Mining
47:55 Stone Shaft Mining
49:02 Conscription
51:51 Chemistry
51:12 Ballistics
54:12 Thumb Ring
53:27 Crossbowman
53:27 Elite Skirmisher
小明
7:54 Loom
15:34 Feudal Age
19:36 Castle Age
18:02 Fletching
18:29 Padded Archer Armor
18:33 Double-Bit Axe
21:05 Bodkin Arrow
21:26 Leather Archer Armor
22:17 Medium Warships
22:29 Bow Saw
29:27 Horse Collar
32:03 Wheelbarrow
31:14 Town Watch
31:22 Fishing Lines
34:18 Hand Cart
36:30 Ballistics
39:42 Imperial Age
38:09 Gillnets
38:25 Gold Mining
38:26 Stone Mining
38:44 Heavy Plow
39:22 Treadmill Crane
39:44 Elite Rattan Archer
41:19 Stone Shaft Mining
41:37 Bracer
42:08 Ring Archer Armor
42:48 Chemistry
43:01 Ring Archer Armor
42:37 Squires
41:57 Pikeman
42:56 Halberdier
44:18 Scale Mail Armor
45:47 Chain Mail Armor
45:42 Forging
49:37 Iron Casting
49:33 Plate Mail Armor
Materix
5:04 Loom
13:41 Feudal Age
20:25 Castle Age
19:13 Forging
19:46 Fletching
20:45 Double-Bit Axe
21:35 Bodkin Arrow
21:34 Horse Collar
24:57 Ballistics
29:46 Bow Saw
30:18 Bloodlines
31:58 Stone Mining
31:59 Gold Mining
32:47 Thumb Ring
32:44 Husbandry
36:23 Gold Shaft Mining
39:28 Imperial Age
37:34 Wheelbarrow
36:44 Town Watch
39:59 Hand Cart
39:30 Town Watch
40:24 Bracer
41:26 Chemistry
40:36 Heavy Cavalry Archer
41:18 Town Watch
54:23 Padded Archer Armor
55:54 Two-Man Saw
55:33 Leather Archer Armor
56:19 Heavy Plow
Howie
4:59 Loom
14:04 Feudal Age
18:36 Castle Age
16:51 Double-Bit Axe
18:37 Horse Collar
22:58 Wheelbarrow
23:53 Bow Saw
26:39 Gold Mining
28:58 Town Watch
29:35 Hand Cart
32:07 Imperial Age
29:59 Heavy Plow
31:28 Ballistics
31:01 Fletching
31:12 Padded Archer Armor
32:42 Bodkin Arrow
33:03 Leather Archer Armor
34:07 Chemistry
34:26 Conscription
34:10 Bracer
35:08 Elite Genoese Crossbowman
37:31 Squires
37:56 Medium Warships
38:40 Scale Mail Armor
38:51 Forging
39:43 Town Patrol
40:45 Two-Man Saw
40:19 Crop Rotation
39:39 Onager
39:58 Elite Skirmisher
40:40 Arson
41:44 Ring Archer Armor
41:14 Pikeman
42:34 Thumb Ring
43:03 Masonry
45:48 Chain Mail Armor
46:09 Iron Casting
49:22 Blast Furnace
48:53 Plate Mail Armor
49:33 Architecture
53:19 Stone Mining
54:36 Scale Barding Armor
56:44 Stone Shaft Mining
FEMALE INCA VILLAGER
4:39 Loom
14:29 Feudal Age
15:39 Double-Bit Axe
18:01 Castle Age
18:39 Fishing Lines
19:31 Bow Saw
19:03 Horse Collar
27:35 Wheelbarrow
26:52 Stone Mining
31:43 Imperial Age
30:54 Scale Barding Armor
31:00 Forging
31:25 Hand Cart
30:58 Town Watch
32:15 Bloodlines
32:05 Husbandry
32:27 Chain Barding Armor
32:10 Gold Mining
32:53 Conscription
32:15 Cavalier
34:48 Plate Barding Armor
34:24 Paladin
36:19 Iron Casting
36:38 Fletching
39:30 Coinage
40:40 Banking
41:12 Blast Furnace
39:36 Capped Ram
42:56 Siege Ram
47:23 Gold Shaft Mining
46:48 Heavy Plow
47:50 Two-Man Saw
47:17 Bodkin Arrow
47:23 Padded Archer Armor
49:01 Bracer
49:17 Leather Archer Armor
osteor10
5:35 Loom
13:34 Feudal Age
18:32 Castle Age
16:19 Fishing Lines
18:31 Arson
18:43 Stone Mining
19:19 Forging
20:49 Iron Casting
24:19 Scale Mail Armor
24:17 Double-Bit Axe
27:32 Wheelbarrow
33:20 Pikeman
34:00 Squires
41:35 Town Watch
43:29 Hand Cart
45:12 Chain Mail Armor
49:13 Imperial Age
51:30 Conscription
55:05 Horse Collar
57:47 Heavy Plow
bkg45
3:16 Loom
14:12 Feudal Age
15:28 Double-Bit Axe
18:05 Castle Age
15:55 Horse Collar
16:26 Town Watch
18:04 Fishing Lines
20:39 Fletching
22:26 Wheelbarrow
28:17 Bodkin Arrow
45:56 Imperial Age
45:33 Heavy Plow
48:36 Bracer
48:44 Padded Archer Armor
49:48 Ballistics
50:29 Chemistry
51:06 Leather Archer Armor
53:41 Ring Archer Armor
53:33 Conscription
55:36 Rocketry
56:11 Elite Chu Ko Nu
Connection lost

Rejoining the realm…

Still unreachable

The connection could not be restored.

Session expired

The server has moved on; the page needs a fresh start.